Map: King's Cove LE

Players

larllalal - Winner!

  • Race: Terran Terran
  • League: Master
  • Spawn Location: 11:00

SlooTh

  • Race: Zerg Zerg
  • League: Master
  • Spawn Location: 5:00

VOD

Have the link to the VOD?

Description

Time

  • Played on: May 29, 2019, 2:24 p.m.
  • Length: 3:25
Show
View Real Time Build Order
Export as new Build Order

larllalal Terran - Winner!

Build Orders:  

Get SALT Encoding   

  12  0:01  SCV  
  13  0:13  SCV  
  14  0:18  Supply Depot  
  14  0:25  SCV  
  15  0:39  SCV  
  16  0:44  Barracks  
  16  0:53  Barracks  
  16  1:03  Barracks  
  16  1:15  Barracks  
  16  1:30  Orbital Command  
  16  1:33  Marine  
  17  1:40  Marine  
  18  1:50  Marine x2  
  20  1:58  Marine  
  21  2:02  Marine  
  21  2:08  Marine x2  
  24  2:15  Marine  
  24  2:20  Marine  
  26  2:26  Marine x2  
  28  2:33  Marine  
  29  2:38  Marine  
  29  2:43  Marine  
Show
View Real Time Build Order
Export as new Build Order

SlooTh Zerg 

Build Orders: Hatch First 

Get SALT Encoding   

  12  0:00  Drone  
  13  0:13  Overlord  
  13  0:19  Drone  
  14  0:33  Drone x2  
  16  0:51  Hatchery  
  16  0:55  Drone  
  16  0:58  Drone  
  16  1:03  Drone  
  18  1:13  Extractor  
  17  1:18  Spawning Pool  
  17  1:21  Drone  
  17  1:24  Drone  
  18  1:31  Drone  
  19  1:42  Drone  
  20  1:58  Overlord  
  20  2:06  Queen x2  
  24  2:09  Drone x2  
  24  2:14  Overlord  
  26  2:25  Drone  
  26  2:26  Drone  
  28  2:37  Drone  
  28  2:38  Drone  
  30  2:49  Zergling x6  
  33  2:55  Hatchery  
  32  3:06  Overlord  
Tags
 
Add a new tag
Caveats
  • Supply blocks, unpowered buildings, or Contaminate may cause inaccurate times.
  • Supply counts are checked every 10 seconds.